Map: Tours du crépuscule

Players

zidar - Winner!

  • Race: Zerg Zerg
  • League: Silver
  • Spawn Location: 1:00

Hansi

  • Race: Protoss Protoss
  • League: Silver
  • Spawn Location: 7:00

VOD

Have the link to the VOD?

Description

Time

  • Played on: Jan. 19, 2016, 1:44 p.m.
  • Length: 11:25
Show
View Real Time Build Order
Export as new Build Order

zidar Zerg - Winner!

Build Orders: Pool First, Lurkers 

Get SALT Encoding   

  12  0:02  Drone  
  13  0:12  Overlord  
  13  0:19  Drone  
  14  0:31  Drone x2  
  14  0:34  Drone  
  17  0:48  Spawning Pool  
  16  0:50  Drone  
  17  1:14  Hatchery  
  16  1:19  Extractor, Drone  
  16  1:20  Drone  
  17  1:26  Drone  
  18  1:36  Queen  
  20  1:45  Overlord  
  20  1:57  Drone x2  
  22  2:03  Drone  
  23  2:12  Queen, Drone  
  26  2:44  Metabolic Boost  
  26  2:49  Roach Warren  
  25  2:58  Drone x7  
  31  2:59  Extractor  
  31  3:00  Drone  
  31  3:20  Overlord  
  31  3:21  Queen  
  31  3:23  Queen  
  35  3:58  Zergling x2  
  35  3:59  Zergling x16, Pneumatized Carapace  
  44  4:27  Overlord x3  
  42  5:09  Roach x9  
  42  5:12  Lair  
  53  5:31  Drone x6  
  53  5:32  Overlord  
  53  5:35  Hatchery  
  58  5:57  Extractor  
  57  5:59  Extractor  
  57  6:01  Drone x3  
  57  6:03  Drone  
  60  6:05  Drone x2  
  60  6:09  Overseer  
  62  6:23  Drone x5  
  67  6:37  Hydralisk Den  
  66  6:40  Overlord x3  
  66  6:41  Overlord  
  66  6:56  Ravager  
  66  6:57  Ravager x2  
  69  7:14  Drone x7  
  69  7:15  Drone x3  
  79  7:20  Lurker Den  
  79  7:28  Evolution Chamber  
  78  7:33  Evolution Chamber  
  77  7:44  Hydralisk  
  77  7:45  Hydralisk x11  
  77  7:48  Overlord x3  
  101  8:00  Extractor  
  101  8:03  Extractor, Zerg Ground Armor Level 1  
  101  8:04  Zerg Melee Weapons Level 1  
  101  8:05  Glial Reconstitution  
  99  8:29  Roach x12  
  123  8:45  Roach  
  123  8:46  Roach x2  
  129  8:48  Overlord  
  129  8:49  Overlord x3  
  127  9:12  Roach  
  127  9:13  Roach x6  
  127  9:14  Hydralisk x3  
  147  9:31  Lurker x4  
  150  9:32  Lurker  
  152  9:40  Infestation Pit  
  151  9:57  Hatchery  
  150  10:05  Hydralisk  
  150  10:06  Hydralisk x4  
  160  10:07  Roach  
  162  10:15  Overlord  
  162  10:16  Overlord x2  
  162  10:34  Drone  
  162  10:35  Drone x7  
Show
View Real Time Build Order
Export as new Build Order

Hansi Protoss 

Build Orders:  

Get SALT Encoding   

  12  0:01  Probe (Chrono Boost)  
  13  0:11  Probe (Chrono Boost)  
  14  0:17  Pylon  
  14  0:22  Probe (Chrono Boost)  
  15  0:36  Probe (Chrono Boost)  
  15  0:37  Gateway  
  16  0:43  Assimilator  
  16  0:46  Probe (Chrono Boost)  
  17  1:00  Probe (Chrono Boost)  
  18  1:10  Probe (Chrono Boost)  
  19  1:21  Probe (Chrono Boost)  
  19  1:24  Cybernetics Core  
  20  1:33  Probe (Chrono Boost)  
  20  1:39  Pylon  
  21  1:44  Probe (Chrono Boost)  
  22  1:54  Probe (Chrono Boost)  
  23  2:04  Nexus  
  23  2:09  Mothership Core (Chrono Boost)  
  23  2:10  Warp Gate (Chrono Boost)  
  25  2:21  Stalker  
  27  2:28  Probe (Chrono Boost)  
  28  2:35  Pylon  
  28  2:45  Probe (Chrono Boost)  
  29  2:56  Probe (Chrono Boost)  
  30  2:59  Assimilator  
  30  3:07  Probe (Chrono Boost)  
  30  3:09  Gateway  
  30  3:10  Gateway  
  31  3:17  Probe (Chrono Boost)  
  32  3:22  Robotics Facility  
  32  3:25  Probe  
  33  3:29  Probe  
  34  3:35  Probe  
  35  3:41  Probe  
  35  3:45  Pylon  
  35  3:46  Pylon  
  36  3:51  Probe  
  36  3:54  Probe  
  38  4:01  Probe  
  38  4:06  Probe  
  40  4:14  Forge  
  40  4:18  Probe  
  40  4:19  Probe  
  42  4:31  Immortal (Chrono Boost)  
  34  5:04  Stalker x2  
  34  5:05  Immortal (Chrono Boost), Stalker  
  38  5:29  Probe  
  38  5:30  Probe  
  40  5:39  Warp Prism (Chrono Boost)  
  40  5:40  Probe  
  40  5:41  Probe  
  44  5:51  Probe  
  44  5:54  Probe  
  44  5:55  Protoss Ground Weapons Level 1  
  44  5:57  Gateway x2  
  46  6:02  Probe  
  47  6:06  Probe  
  47  6:09  Gateway  
  47  6:10  Observer (Chrono Boost), Gateway, Pylon  
  49  6:12  Gateway, Probe  
  50  6:30  Adept x2  
  50  6:31  Adept  
  56  6:47  Probe  
  56  6:48  Probe  
  58  6:57  Probe  
  58  7:00  Probe  
  58  7:01  Adept x5  
  62  7:08  Probe  
  70  7:12  Probe  
  73  7:23  Pylon  
  73  7:25  Pylon  
  72  7:33  Adept x3  
  72  7:36  Pylon  
  78  7:38  Pylon  
  78  7:40  Pylon  
  78  8:00  Protoss Ground Armor Level 1  
  78  8:05  Adept x3  
  80  8:06  Adept x2  
  88  8:34  Adept  
  88  8:35  Adept x4  
  88  9:07  Warp Prism (Chrono Boost)  
  90  9:19  Adept x4  
  90  9:20  Adept  
  100  9:51  Adept x2  
  100  9:52  Adept x3  
  110  9:53  Adept  
  112  10:06  Twilight Council  
  112  10:16  Adept  
  112  10:17  Adept x2  
  118  10:25  Pylon  
  118  10:26  Pylon  
  118  10:29  Pylon  
  118  10:43  Adept  
  118  10:44  Adept x3  
  118  10:45  Adept  
  122  11:10  Nexus  
  112  11:15  Adept  
  112  11:16  Adept x5  
Tags
 
Composition
Lurkers
Matchup
PvZ
Opening
Pool First
Spawn Locations
Cross Positions
Add a new tag
Caveats
  • Supply blocks, unpowered buildings, or Contaminate may cause inaccurate times.
  • Supply counts are checked every 10 seconds.